 Dungeon Crawl Stone Soup version 0.29-a0-553-g81b289dbe5 (webtiles) character file.

Game seed: 2751737420298936085

7 shadowstone the Skirmisher (level 2, -1/19 HPs)
             Began as a Gargoyle Fighter on June 6, 2022.
             Frozen to death by an endoplasm (5 damage)
             ... on level 1 of the Dungeon.
             The game lasted 00:00:35 (166 turns).

shadowstone the Skirmisher (Gargoyle Fighter)        Turns: 166, Time: 00:00:35

Health: -1/19      AC:  9    Str: 19    XL:     2   Next: 0%
Magic:  2/2        EV:  9    Int:  8    God:
Gold:   10         SH:  4    Dex:  9    Spells: 1/1 levels left

rFire   . . .      SeeInvis .   a - +0 flail
rCold   . . .      Faith    .   c - +0 buckler
rNeg    + . .      Spirit   .   b - +0 scale mail
rPois   ∞          Reflect  .   (no helmet)
rElec   +          Harm     .   (no cloak)
rCorr   .          Rampage  .   (no gloves)
Will    .....                   (no boots)
Stlth   ..........              (no amulet)
HPRegen 0.06/turn               (no ring)
MPRegen 0.08/turn               (no ring)

@: no status effects
A: sickness immunity, AC +2, negative energy resistance 1, electricity
resistance, torment resistance 1, petrification resistance
a: no special abilities


You were on level 1 of the Dungeon.
You visited 1 branch of the dungeon, and saw 1 of its levels.

You collected 10 gold pieces.

Inventory:

Hand Weapons
 a - a +0 flail (weapon)
Armour
 b - a +0 scale mail (worn)
 c - a +0 buckler (worn)
Potions
 d - a potion of might


   Skills:
 + Level 3.5 Fighting
 + Level 2.0 Maces & Flails
 + Level 3.3 Armour
 + Level 3.4 Shields


You had one spell level left.
You didn't know any spells.
Your spell library was empty.

Dungeon Overview and Level Annotations

Branches:
Dungeon (1/15)

Altars:


Innate Abilities, Weirdness & Mutations

You are immune to sickness and miasma.
Your stone body is resilient. (AC +2)
You are immune to poison.
You resist negative energy. (rN+)
You are resistant to electric shocks. (rElec)
You are resistant to unholy torment.
You are immune to petrification.


Message History

You see here 13 gold pieces.
The frilled lizard attacks as you move away!
The frilled lizard bites you but does no damage.
You miss the frilled lizard. You block the frilled lizard's attack.
An endoplasm comes into view.
You barely miss the frilled lizard.
The endoplasm quivers.
The frilled lizard barely misses you. You block the frilled lizard's attack.
You miss the frilled lizard. The frilled lizard barely misses you.
The kobold hits you but does no damage.
You barely miss the frilled lizard. The frilled lizard closely misses you.
The kobold hits you but does no damage.
The frilled lizard bites you but does no damage.
The kobold barely misses you.
You closely miss the frilled lizard. The frilled lizard closely misses you.
The kobold hits you but does no damage.
You barely miss the frilled lizard. The frilled lizard misses you.
The kobold closely misses you.
You barely miss the frilled lizard. The frilled lizard closely misses you.
You block the kobold's attack. The frilled lizard closely misses you.
The kobold hits you with a +0 club.
The endoplasm hits you but does no damage.
You barely miss the frilled lizard. The frilled lizard closely misses you.
You block the kobold's attack. The endoplasm closely misses you.
You closely miss the frilled lizard.
The frilled lizard bites you but does no damage.
You block the endoplasm's attack. The kobold hits you but does no damage.
You hit the frilled lizard.
You kill the frilled lizard!
The kobold hits you with a +0 club. The endoplasm freezes you.
You are frozen.
The kobold hits you with a +0 club.
* * * LOW HITPOINT WARNING * * *
The endoplasm freezes you.
You are frozen.
* * * LOW HITPOINT WARNING * * *
You have reached level 2!
The endoplasm freezes you.
You are frozen.
You die...

### ..# #.# #.# #.##
######### #..##
#.......# ##..##
#.......# .##†.##
#.......# ..##..##
######J@K....#
#..##..###............#
##..##..##.......##.#.!#
# #..##.†#.......##.# .#
# #..##†............ . #
#....##########... #
##...# ... # ##...## . #
##..###


You could see an endoplasm and a kobold.

Vanquished Creatures
  A bat (D:1)
  A hobgoblin (D:1)
  2 jackals (D:1)
  A ball python (D:1)
  A frilled lizard (D:1)
6 creatures vanquished.

Notes
Turn   | Place    | Note
-------+----------+-------------------------------------------
     0 | D:1      | shadowstone the Gargoyle Fighter began the quest for the
                  | Orb.
     0 | D:1      | Reached XP level 1. HP: 14/14 MP: 1/1
   166 | D:1      | Reached XP level 2. HP: 4/19 MP: 2/2
   166 | D:1      | Frozen to death by an endoplasm

Illustrated notes

Levels and vault maps discovered:
D:1:      dpeg_chamrin_arrival_tetris, layout_basic

Action                   || total
-------------------------++-------
Melee: Flail             ||    29
Armor: Scale mail        ||    49
Dodge: Dodged            ||    32
Block: Buckler           ||    19

Table legend: (Time is in decaauts)
 A = Elapsed time spent in this place.
 B = Non-inter-level travel time spent in this place.
 C = Inter-level travel time spent in this place.
 D = Time resting spent in this place.
 E = Time spent auto-exploring this place.
 F = Levels seen in this place.
 G = Mean time per level.
                   A        B        C        D        E       F      G
               +--------+--------+--------+--------+--------+-----+--------+
         Total |    176 |    176 |      0 |      0 |      0 |   1 |  176.0 |
       Dungeon |    176 |    176 |      0 |      0 |      0 |   1 |  176.0 |
               +--------+--------+--------+--------+--------+-----+--------+

Top non-repeatable levels by time:
     D:1: 176 daAuts
